[Event "45th FIDE Womens Olympiad 2024"]
[Site "Budapest"]
[Date "2024.09.15"]
[Round "5"]
[White "Pride, Chika"]
[Black "Nosimilo, Mkhonto"]
[Result "1/2-1/2"]
[ECO "C54"]
[WhiteElo "1578"]
[BlackElo "1561"]
[PlyCount "44"]
[EventDate "2024.09.05"]
[EventType "team-tourn"]
[EventCountry "HUN"]
[WhiteTeam "Bahamas"]
[BlackTeam "Eswatini"]
[WhiteTeamCountry "BAH"]
[TimeControl "40/5400+30:1800+30"]

1. e4 e5 2. Nf3 Nc6 3. Bc4 Bc5 4. d3 Nf6 5. c3 d6 6. O-O O-O 7. Nbd2 a6 8. a4 h6 9. Re1 Re8 10. Nf1 Ng4 11. Re2 Be6 12. Bxe6 Rxe6 13. d4 exd4 14. cxd4 Ba7 15. d5 Rxe4 16. Rxe4 Nxf2 17. Qe2 Nh3+ 18. Kh1 Nf2+ 19. Kg1 Nh3+ 20. Kh1 Nf2+ 21. Kg1 Nh3+ 22. Kh1 Nf2+ 1/2-1/2

[Event "45th FIDE Womens Olympiad 2024"]
[Site "Budapest"]
[Date "2024.09.15"]
[Round "5.1"]
[White "Assaubayeva, Bibisara"]
[Black "Dronavalli, Harika"]
[Result "1-0"]
[ECO "C42"]
[WhiteElo "2482"]
[BlackElo "2502"]
[Annotator "RC"]
[PlyCount "101"]
[EventDate "2024.09.05"]
[EventType "team-tourn"]
[EventCountry "HUN"]
[SourceTitle "playchess.com"]
[Source "ChessBase"]
[SourceQuality "1"]
[WhiteTeam "Kazakhstan"]
[BlackTeam "India"]
[WhiteTeamCountry "KAZ"]
[BlackTeamCountry "IND"]
[TimeControl "40/5400+30:1800+30"]

1. e4 e5 2. Nf3 Nf6 3. Nxe5 Nxe4 4. Qe2 Qe7 5. Qxe4 d6 6. d4 dxe5 7. dxe5 Nc6 8. Bf4 g5 9. Bd2 f5 10. Qe2 Bg7 11. Nc3 Be6 12. Qh5+ Bf7 13. Qxg5 Qxe5+ 14. Qe3 O-O-O 15. Qxe5 Nxe5 16. f4 Ng4 17. Bd3 Rhe8+ 18. Ne2 Bxb2 19. Rb1 Bd4 20. Kf1 Ne3+ 21. Bxe3 Bxe3 22. a4 Be6 23. h4 Bb6 24. Rh3 c5 25. Re3 Kc7 26. Bb5 Bd7 27. Rxe8 Bxe8 28. Bxe8 Rxe8 29. Ng3 Kc6 30. Nxf5 Re4 31. g3 Rxa4 32. Ne7+ Kd6 33. Nc8+ Kd5 34. Nxb6+ axb6 35. Rxb6 Ra2 36. f5 Ra3 37. Kf2 Ke4 38. f6 Rf3+ 39. Kg2 h5 40. Re6+ Kd5 41. Kxf3 Kxe6 42. c4 Kxf6 43. g4 hxg4+ 44. Kxg4 Kg6 45. h5+ Kh6 46. Kh4 Kg7 47. Kg5 Kf7 48. h6 Kg8 49. Kg6 Kh8 50. h7 b6 51. Kh6 1-0

[Event "45th FIDE Womens Olympiad 2024"]
[Site "Budapest"]
[Date "2024.09.15"]
[Round "5.1"]
[White "Marcos, Taqesyah"]
[Black "Lyons, Kieran"]
[Result "0-1"]
[ECO "A84"]
[WhiteElo "1679"]
[BlackElo "1818"]
[PlyCount "82"]
[EventDate "2024.09.05"]
[EventType "team-tourn"]
[EventCountry "HUN"]
[WhiteTeam "Netherlands Antilles"]
[BlackTeam "Fiji"]
[WhiteTeamCountry "AHO"]
[BlackTeamCountry "FIJ"]
[TimeControl "40/5400+30:1800+30"]

1. d4 f5 2. e3 Nf6 3. Nf3 e6 4. c4 b6 5. Be2 Bb7 6. Nbd2 Bb4 7. a3 Bxd2+ 8. Bxd2 O-O 9. O-O d6 10. b4 Ne4 11. Qb3 Qf6 12. Rac1 Qg6 13. Bc3 c5 14. d5 e5 15. Nd2 Bc8 16. f4 exf4 17. exf4 Nd7 18. Qd1 Ndf6 19. Nf3 Qh6 20. Nd2 g5 21. Bxf6 Rxf6 22. Nxe4 fxe4 23. Bg4 Qh4 24. Bxc8 Rxc8 25. fxg5 Rxf1+ 26. Qxf1 Qxg5 27. Re1 Re8 28. Qe2 e3 29. h3 Kg7 30. Rf1 Rf8 31. Rxf8 Kxf8 32. b5 Kf7 33. Qf3+ Kg7 34. Qe2 Kg6 35. Qd3+ Kg7 36. Qe2 h5 37. Qb2+ Kg6 38. Qe2 Kf5 39. Qd3+ Ke5 40. Qe2 Ke4 41. Qf3+ Kd3 {0-} 0-1

[Event "45th FIDE Womens Olympiad 2024"]
[Site "Budapest"]
[Date "2024.09.15"]
[Round "5.2"]
[White "Vaishali, Rameshbabu"]
[Black "Kamalidenova, Meruert"]
[Result "1-0"]
[ECO "B90"]
[WhiteElo "2498"]
[BlackElo "2352"]
[Annotator "TA"]
[PlyCount "117"]
[EventDate "2024.09.05"]
[EventType "team-tourn"]
[EventCountry "HUN"]
[SourceTitle "playchess.com"]
[Source "ChessBase"]
[SourceQuality "1"]
[WhiteTeam "India"]
[BlackTeam "Kazakhstan"]
[WhiteTeamCountry "IND"]
[BlackTeamCountry "KAZ"]
[TimeControl "40/5400+30:1800+30"]

1. e4 c5 2. Nf3 d6 3. d4 cxd4 4. Nxd4 Nf6 5. Nc3 a6 6. Qd3 {[%emt 0:01:02] B90: Sicilian Najdorf: Unusual White 6th moves, 6 Be3 Ng4 and 6 Be3 e5.} Nbd7 7. Be2 b5 8. Nd5 Bb7 9. a4 bxa4 10. Nxf6+ Nxf6 11. f3 g6 12. Qa3 $146 ({Predecessor:} 12. Rxa4 Nd7 13. Nb3 Ne5 14. Qe3 Bg7 15. Bd2 Qd7 16. Ra3 O-O 17. Bc3 Rfc8 18. O-O {1-0 Sindarov,J (2654)-Mishra,A (2559) Tata Steel-B 85th 2023 (9)}) 12... Bg7 13. Qxa4+ Nd7 14. Be3 O-O 15. Qa5 Qc8 16. c3 Nc5 17. Ra3 e5 18. Nb3 Ne6 $1 19. O-O f5 (19... Nf4 $11 20. Re1 Nxe2+ 21. Rxe2 Rd8) 20. exf5 (20. Nd2 $14) 20... gxf5 (20... Rxf5 $11 {remains equal.} 21. Qb4 Rb8) 21. Rd1 $16 d5 22. Qb6 Rf7 (22... Rb8 $11 23. Nc5 Bc6) 23. Na5 $1 $16 (23. Nc5 Nxc5 24. Bxc5 Rf6 $14) 23... Bf8 {[%emt 0:01:09] [#]} 24. b4 $1 Kh8 25. Bf1 Bg7 (25... Rb8 $16) 26. Bf2 e4 (26... Rb8 $142 27. Nxb7 Rfxb7 28. Bxa6 (28. Qxa6 d4 $16) 28... Rxb6 29. Bxc8 d4) 27. fxe4 fxe4 28. Nxb7 Rxb7 29. Qd6 (29. Bxa6 Rxb6 30. Bxc8 Rxa3 $11) 29... d4 (29... Nc7 {is a better defense.} 30. Bxa6 Rxa6 31. Rxa6 Nxa6) 30. Rxa6 $18 e3 31. Bxe3 ({Not} 31. Qxe6 exf2+ 32. Kxf2 Qxe6 33. Rxe6 (33. Rxa8+ Bf8 $11) 33... dxc3 $11) 31... dxe3 32. Rxa8 ({Weaker is} 32. Qxe6 Qxe6 33. Rxe6 Bxc3 $16) 32... Qxa8 33. Qxe6 Bxc3 34. Qxe3 Qa7 35. Qxa7 Rxa7 36. b5 Kg7 37. Kf2 Kf6 38. Bc4 Be5 39. g3 Rc7 40. Be2 Rb7 41. Rc1 Bd4+ 42. Kf3 Ke5 43. Rc6 Rf7+ 44. Kg4 Bg1 45. Bc4 Re7 (45... Rf6 $16 {was worth a try.}) 46. h4 $18 Rg7+ 47. Kf3 Rb7 48. g4 Bb6 (48... Rb6 {was called for.} 49. g5 Rb7) 49. g5 $18 Kd4 (49... Ba5 $142 50. Re6+ Kd4 51. Re4+ Kc3) 50. Kg4 $18 Bc5 51. Be2 Re7 52. Bf3 Re8 53. b6 Re3 54. b7 Rb3 55. h5 Rb4 56. Rxc5 Kxc5+ 57. Kg3 Kd6 58. g6 hxg6 {[%emt 0:00:27] [#]} 59. h6 $1 1-0

[Event "45th FIDE Womens Olympiad 2024"]
[Site "Budapest"]
[Date "2024.09.15"]
[Round "5.2"]
[White "Terubea, Cydel"]
[Black "Pourier, Dianthely"]
[Result "1/2-1/2"]
[ECO "B13"]
[WhiteElo "1681"]
[BlackElo "1548"]
[PlyCount "136"]
[EventDate "2024.09.05"]
[EventType "team-tourn"]
[EventCountry "HUN"]
[WhiteTeam "Fiji"]
[BlackTeam "Netherlands Antilles"]
[WhiteTeamCountry "FIJ"]
[BlackTeamCountry "AHO"]
[TimeControl "40/5400+30:1800+30"]

1. e4 c6 2. Nf3 d5 3. exd5 cxd5 4. d4 a6 5. c3 Nf6 6. Bf4 Bg4 7. Be2 e6 8. h3 Bxf3 9. Bxf3 Bd6 10. Qd2 Nc6 11. O-O Ne4 12. Qe3 Bxf4 13. Qxf4 Nd6 14. Re1 O-O 15. Nd2 Re8 16. Re2 b5 17. Rae1 Ra7 18. Bxd5 g5 19. Qf3 exd5 20. Qxd5 Rxe2 21. Rxe2 Rc7 22. Nf3 h6 23. Nh2 Ne7 24. Qf3 Nef5 25. Qh5 Re7 26. Rxe7 Qxe7 27. Ng4 Kh7 28. Ne5 Ng7 29. Qf3 Nge8 30. Qd3+ Kg8 31. Qf3 f6 32. Qd5+ Nf7 33. Qxf7+ Qxf7 34. Nxf7 Kxf7 35. f3 Ke6 36. Kf2 Nd6 37. b3 a5 38. g4 b4 39. c4 a4 40. Ke3 axb3 41. axb3 Nb7 42. Kd3 Kd6 43. Kd2 Nd8 44. Kd3 Ne6 45. Ke4 Nf4 46. Ke3 Nxh3 47. Ke4 Nf4 48. Ke3 h5 49. gxh5 Nxh5 50. Ke4 Ng3+ 51. Ke3 f5 52. Kd3 Nh5 53. Ke2 g4 54. fxg4 fxg4 55. Kf2 Nf4 56. Kg3 Ne2+ 57. Kxg4 Nxd4 58. Kf4 Nxb3 59. Ke3 Kc5 60. Kd3 Nc1+ 61. Kc2 Ne2 62. Kb3 Nd4+ 63. Ka2 b3+ 64. Ka3 Kxc4 65. Kb2 Ne2 66. Kb1 Kc3 67. Ka1 b2+ 68. Kb1 Nc1 1/2-1/2

[Event "45th FIDE Womens Olympiad 2024"]
[Site "Budapest"]
[Date "2024.09.15"]
[Round "5.3"]
[White "Balabayeva, Xeniya"]
[Black "Divya Deshmukh"]
[Result "1/2-1/2"]
[ECO "D02"]
[WhiteElo "2335"]
[BlackElo "2483"]
[Annotator "RC"]
[PlyCount "85"]
[EventDate "2024.09.05"]
[EventType "team-tourn"]
[EventCountry "HUN"]
[SourceTitle "playchess.com"]
[Source "ChessBase"]
[SourceQuality "1"]
[WhiteTeam "Kazakhstan"]
[BlackTeam "India"]
[WhiteTeamCountry "KAZ"]
[BlackTeamCountry "IND"]
[TimeControl "40/5400+30:1800+30"]

1. d4 Nf6 2. Nf3 d5 3. Bf4 e6 4. e3 c5 5. c3 Nc6 6. Nbd2 cxd4 7. exd4 Nh5 8. Be3 Bd6 9. h3 O-O 10. Bd3 Nf4 11. Bxf4 Bxf4 12. O-O Bd7 13. Qc2 g6 14. Rae1 Rc8 15. Qb1 Kg7 16. Re2 a5 17. Rfe1 a4 18. a3 Qb6 19. g3 Bd6 20. h4 Ne7 21. h5 Bb5 22. Nf1 Ng8 23. Ng5 Rce8 24. Nh2 Bxd3 25. Qxd3 Qd8 26. f4 Nf6 27. hxg6 hxg6 28. Nhf3 Ng4 29. Nxf7 Rxf7 30. Ng5 Rfe7 31. Nxe6+ Rxe6 32. Rxe6 Rxe6 33. Rxe6 Nf6 34. Qb5 Kf7 35. Re2 Qc8 36. Qxa4 Qg4 37. Rg2 Qf3 38. Qc2 Qe3+ 39. Qf2 Qc1+ 40. Qf1 Qe3+ 41. Qf2 Qc1+ 42. Qf1 Qe3+ 43. Qf2 1/2-1/2

[Event "45th FIDE Womens Olympiad 2024"]
[Site "Budapest"]
[Date "2024.09.15"]
[Round "5.3"]
[White "Pieter, Liana"]
[Black "Prasad, Tanvi"]
[Result "0-1"]
[ECO "B00"]
[WhiteElo "1619"]
[BlackElo "1564"]
[PlyCount "102"]
[EventDate "2024.09.05"]
[EventType "team-tourn"]
[EventCountry "HUN"]
[WhiteTeam "Netherlands Antilles"]
[BlackTeam "Fiji"]
[WhiteTeamCountry "AHO"]
[BlackTeamCountry "FIJ"]
[TimeControl "40/5400+30:1800+30"]

1. d4 b6 2. e4 Bb7 3. Bd3 e6 4. Bf4 Nf6 5. Nd2 c5 6. c3 cxd4 7. cxd4 Bb4 8. Ngf3 Nc6 9. Bg5 h6 10. Bxf6 Qxf6 11. e5 Qd8 12. O-O Bxd2 13. Qxd2 O-O 14. Rac1 Ne7 15. Be2 d6 16. Rfd1 Ng6 17. Qb4 Nf4 18. Qd2 dxe5 19. dxe5 Qxd2 20. Rxd2 Rad8 21. Rdc2 Be4 22. Kf1 Bxc2 23. Rxc2 Nxe2 24. Kxe2 Rc8 25. Rd2 Rfd8 26. Nd4 Rd5 27. Nf3 Rxd2+ 28. Kxd2 Rc5 29. b3 g5 30. g4 Kg7 31. a3 a5 32. b4 axb4 33. axb4 Rc4 34. Kd3 Rxb4 35. Kc2 Rxg4 36. Kd3 Rf4 37. Ke3 Rc4 38. Nd4 Rc5 39. f4 b5 40. Nf3 gxf4+ 41. Kxf4 b4 42. Nd2 Rc2 43. Ke3 Kg6 44. Kd3 Rc3+ 45. Ke4 b3 46. Nxb3 Rxb3 47. Kf4 Rb4+ 48. Ke3 Kf5 49. Kd3 Kxe5 50. Kc3 Rd4 51. h4 f5 {0-} 0-1

[Event "45th FIDE Womens Olympiad 2024"]
[Site "Budapest"]
[Date "2024.09.15"]
[Round "5.4"]
[White "Vantika Agrawal"]
[Black "Nurman, Alua"]
[Result "1-0"]
[ECO "E94"]
[WhiteElo "2370"]
[BlackElo "2324"]
[Annotator "TA"]
[PlyCount "101"]
[EventDate "2024.09.05"]
[EventType "team-tourn"]
[EventCountry "HUN"]
[SourceTitle "playchess.com"]
[Source "ChessBase"]
[SourceQuality "1"]
[WhiteTeam "India"]
[BlackTeam "Kazakhstan"]
[WhiteTeamCountry "IND"]
[BlackTeamCountry "KAZ"]
[TimeControl "40/5400+30:1800+30"]

1. d4 Nf6 2. c4 g6 3. Nc3 Bg7 4. e4 d6 5. Be2 O-O 6. Nf3 e5 7. O-O Bg4 {[%emt 0:03:36] 7...h6 is setting a new trend.} 8. d5 a5 9. h3 {[%emt 0:00:37] E94: King's Indian: Classical: 6 Be2 e5 7 0-0: Various Black 7th moves.} Bxf3 10. Bxf3 Na6 11. a3 Nc5 12. Be3 Nfd7 13. b4 axb4 14. axb4 Rxa1 15. Qxa1 Nb3 16. Qa7 Nd4 17. Qxb7 $146 ({Predecessor:} 17. Be2 Qb8 18. Bxd4 exd4 19. Qxb8 Nxb8 20. Nb5 Na6 21. Rd1 Nxb4 22. Nxc7 Na2 23. Ra1 {0-1 Ishkanov,T (2314)-Bregadze,L (2417) Bay Area op Santa Clara 2014 (8)}) 17... Nxf3+ (17... Nb6 $14) 18. gxf3 $16 f5 $2 {[%emt 0:00:04] [#]} (18... Nf6 $16 {was necessary.} 19. Nb5 Ne8) 19. Ra1 $1 $18 Qh4 20. Qxc7 f4 21. Bd2 ({Stronger than} 21. Qxd7 fxe3 22. Ra2 exf2+ (22... Rxf3 23. Nd1 $16) 23. Kf1 Qf4 $11 (23... Rxf3 24. Ra7 $11)) 21... Qxh3 22. Ra7 (22. Qxd6 Rf6 23. Ra8+ Bf8 24. Rxf8+ Rxf8 25. Qe6+ Qxe6 26. dxe6 Nb6 $18) 22... Rf7 23. Qxd6 Nf8 24. Rxf7 Kxf7 25. Bxf4 exf4 26. Qxf4+ Kg8 27. Nb5 Qd7 $2 (27... Nd7 28. Qg4 Qxg4+ 29. fxg4 Kf8) 28. e5 $18 Qe7 29. e6 Nxe6 30. dxe6 Qxe6 31. c5 Be5 32. Qe4 Qf6 33. Nd6 Bxd6 34. Qd5+ Qf7 35. Qxd6 Qxf3 36. c6 Qg4+ 37. Kh2 (37. Kf1 $142 Qc4+ 38. Ke1 Qc3+ 39. Ke2) 37... Qh4+ {[%emt 0:01:20] [#]} 38. Kg2 $1 Qg4+ 39. Kf1 Qc4+ 40. Ke1 Qc1+ 41. Ke2 Qc2+ 42. Ke3 Qc3+ 43. Ke4 Qc4+ 44. Kf3 Qf7+ 45. Kg2 (45. Kg3 $142 Qb3+ 46. Kg2 Qc4 47. Qd8+ Kg7 48. Qd7+ Kh6 49. c7 Qe4+ 50. Kg3 Qe5+ 51. Kf3 Qf6+ 52. Ke2 (52. Ke4 Qh4+ 53. Kd3 Qxb4 $18)) 45... Qf5 $18 46. c7 Kf7 47. b5 h5 48. Qd4 Qe6 49. b6 g5 50. Qc3 Qc8 51. b7 1-0

[Event "45th FIDE Womens Olympiad 2024"]
[Site "Budapest"]
[Date "2024.09.15"]
[Round "5.5"]
[White "Gaal, Zsoka"]
[Black "Narva, Mai"]
[Result "1-0"]
[ECO "E18"]
[WhiteElo "2385"]
[BlackElo "2420"]
[Annotator "TA"]
[PlyCount "117"]
[EventDate "2024.09.05"]
[EventType "team-tourn"]
[EventCountry "HUN"]
[SourceTitle "playchess.com"]
[Source "ChessBase"]
[SourceQuality "1"]
[WhiteTeam "Hungary"]
[BlackTeam "Estonia"]
[WhiteTeamCountry "HUN"]
[BlackTeamCountry "EST"]
[TimeControl "40/5400+30:1800+30"]

1. Nf3 Nf6 2. c4 e6 3. g3 b6 4. Bg2 Bb7 5. O-O Be7 6. d4 d5 7. cxd5 exd5 8. Nc3 O-O 9. Bf4 Nbd7 10. Rc1 c6 {[%emt 0:00:36] E18: Queen's Indian: Old Main Line (4 g3 Bb7 5 Bg2 Be7 6 0-0 0-0 7 Nc3).} 11. Qc2 Re8 12. h4 Bb4 13. e3 h6 14. Rfd1 Bxc3 $146 ({Predecessor:} 14... Nf8 15. Qa4 Bxc3 16. bxc3 b5 17. Qb3 Ne6 18. a4 a6 19. Ne1 Ne4 20. Nd3 {½-½ Zakharov,O (2291)-Abbey,W (2164) BI-2015-P-0000}) 15. bxc3 Ne4 16. c4 Ndf6 17. cxd5 cxd5 18. Qc7 Qe7 19. Bh3 Ba6 (19... Qxc7 $1 $11 20. Rxc7) 20. Qxe7 $16 Rxe7 21. Ne5 Be2 22. Re1 Bb5 23. f3 Nd2 24. e4 Nc4 25. Nxc4 (25. a4 $16 Bxa4 26. Nxc4 dxc4 27. Rxc4) 25... Bxc4 $14 26. Bd6 Rb7 27. e5 Ne8 28. a4 Nxd6 29. exd6 b5 30. Re7 Rb6 $1 31. d7 (31. axb5 {simplifies} Rxd6 32. Bf1 a6 33. Ra1) 31... Kf8 32. Rce1 Rbb8 33. axb5 Bxb5 34. R7e5 Bc4 35. Bf5 a5 $2 {[%emt 0:01:16][%mdl 8192] [#]} (35... Rd8 $11 {and Black stays safe.}) 36. Bc2 $1 $18 Bb5 (36... a4 37. Bxa4 g6 38. Re8+ (38. Bc6 Rd8 $18) 38... Kg7 39. Rxb8 (39. Bc6 Rd8 $18) 39... Rxb8 40. Re8 Rb1+ 41. Kf2 Rb2+ 42. Ke1 Rb1+ 43. Kd2 (43. Bd1 Bb5 $18) 43... Rb2+ 44. Kc3) 37. Rxd5 Bc4 (37... Bc6 $142 38. Rd6 Bxf3) 38. Rc5 $18 Be6 39. Ba4 (39. Rxe6 $142 {[%cal Oe6a6] Ra6! is the strong threat.} fxe6 40. Be4) 39... Rd8 $18 40. Rc7 g6 $2 (40... Rab8 41. Bc6 Ke7) 41. Re5 Ke7 42. d5 Kd6 43. dxe6 Kxc7 44. e7 (44. exf7 Rf8 $16) 44... Rxd7 45. Rc5+ (45. e8=B Kd6 $16) (45. e8=N+ Kc8 $18) (45. e8=Q Rxe8 46. Rxe8 Rd4 $18) 45... Kd6 {[%emt 0:01:04] [#]} 46. Rd5+ $1 (46. Rxa5 Rxa5 (46... Re8 47. Bxd7 Kxd7 48. h5 $11) 47. e8=Q (47. e8=R $2 Rxa4 48. Kh2 Rc7 $19) 47... Rxa4 $14) 46... Kxe7 ({Of course not} 46... Kxd5 47. Bxd7 Ke5 (47... h5 $2 48. e8=Q $18) 48. e8=Q+ (48. e8=R+ Rxe8 49. Bxe8 Ke6 $18)) 47. Rxd7+ ({Less strong is} 47. Bxd7 a4 $18 (47... Rd8 $2 48. Bc6 $18)) 47... Ke6 48. Rb7 f5 49. Rb6+ Kf7 50. Kf2 Rc8 51. Rb5 Ra8 52. Ke3 Ra6 53. Rc5 Re6+ 54. Kf2 Kf6 (54... Ra6 $142 55. h5 gxh5 56. Rxf5+ Kg6) 55. Rxa5 $18 Rb6 56. Rc5 Rb4 57. Rc6+ Kg7 58. Bc2 Rb5 59. g4 1-0

[Event "45th FIDE Womens Olympiad 2024"]
[Site "Budapest"]
[Date "2024.09.15"]
[Round "5.5"]
[White "Ahmed, Najla"]
[Black "Shipindo, Rauha"]
[Result "1-0"]
[ECO "C54"]
[WhiteElo "1539"]
[BlackElo "1681"]
[PlyCount "119"]
[EventDate "2024.09.05"]
[EventType "team-tourn"]
[EventCountry "HUN"]
[WhiteTeam "Bahrain"]
[BlackTeam "Namibia"]
[WhiteTeamCountry "BHN"]
[BlackTeamCountry "NAM"]
[TimeControl "40/5400+30:1800+30"]

1. e4 e5 2. Bc4 Bc5 3. Nf3 Nc6 4. c3 Nf6 5. d3 d6 6. h3 h6 7. O-O O-O 8. Nbd2 Be6 9. Bb5 Ne7 10. Ba4 Ng6 11. Bc2 Nh7 12. d4 Bb6 13. Re1 Ng5 14. Nxg5 Qxg5 15. Nf3 Qe7 16. Be3 Rad8 17. a4 a5 18. d5 Bxe3 19. fxe3 Bd7 20. Qe2 c6 21. c4 cxd5 22. cxd5 Rc8 23. Bd3 Rc5 24. Qd2 Rfc8 25. b4 axb4 26. Qxb4 Rc3 27. Ra3 R3c7 28. Kh1 Nh4 29. Nd2 Qg5 30. Re2 Rc1+ 31. Kh2 Re1 32. Rf2 Qxe3 33. Rf1 Rxf1 34. Bxf1 Qf4+ 35. Rg3 Rc2 36. Qxb7 Bxh3 37. Kxh3 Rxd2 38. Qc8+ Kh7 39. Qd8 Ng6 40. Rf3 Qxe4 41. Rxf7 Nf4+ 42. Rxf4 Qxf4 43. Qa5 Rd4 44. Qe1 Re4 45. Bd3 Qg4+ 46. Kh2 Qf4+ 47. Kh1 Qg5 48. Qxe4+ g6 49. Qxg6+ Qxg6 50. Bxg6+ Kxg6 51. a5 e4 52. a6 e3 53. Kg1 Kf5 54. a7 Ke4 55. a8=Q Kd3 56. Kf1 Kd4 57. Ke2 Ke4 58. Qe8+ Kxd5 59. Qxe3 h5 60. Qg5+ 1-0

[Event "45th FIDE Womens Olympiad 2024"]
[Site "Budapest"]
[Date "2024.09.15"]
[Round "5.6"]
[White "Olde, Margareth"]
[Black "Hoang, Thanh Trang"]
[Result "0-1"]
[ECO "A90"]
[WhiteElo "2135"]
[BlackElo "2351"]
[Annotator "TA"]
[PlyCount "116"]
[EventDate "2024.09.05"]
[EventType "team-tourn"]
[EventCountry "HUN"]
[SourceTitle "playchess.com"]
[Source "ChessBase"]
[SourceQuality "1"]
[WhiteTeam "Estonia"]
[BlackTeam "Hungary"]
[WhiteTeamCountry "EST"]
[BlackTeamCountry "HUN"]
[TimeControl "40/5400+30:1800+30"]

1. d4 e6 2. Nf3 f5 3. c4 Nf6 4. g3 d5 5. Bg2 Bd6 6. O-O c6 7. Ne5 Nbd7 8. Bf4 Qc7 9. cxd5 Nxd5 {[%emt 0:08:26] White is slightly better.} 10. Bc1 (10. Bxd5 $14 exd5 11. Nd3) 10... Nxe5 $15 11. dxe5 Bxe5 12. e4 fxe4 13. Bxe4 O-O 14. Na3 Nf6 (14... b6 {keeps more tension.} 15. Nc4 Ba6 16. Qa4 Bb5) 15. Bg2 Rd8 16. Qe2 Bd4 17. Bg5 e5 18. Kh1 ({White should play} 18. Rfe1) 18... Bg4 $17 19. Qc2 Qd7 {[%emt 0:02:59] Active counter play!} 20. Rae1 Kh8 21. Nc4 Re8 22. Ne3 Be6 23. Bxf6 gxf6 24. Be4 Rad8 (24... Bxa2 $2 25. b3 $18) 25. b3 Bxe3 26. fxe3 Rf8 27. Rd1 Qe7 28. Rxd8 Rxd8 29. Qf2 Bh3 30. Bg2 (30. Qxf6+ {gets mated.} Qxf6 31. Rg1 Rd2 32. Bg2 Qf2 (32... Bxg2+ $2 {leads to mate.} 33. Rxg2 Rd1+ 34. Rg1 Qf3#) 33. e4 Bxg2+ 34. Rxg2 Qxg2#) 30... Bxg2+ 31. Kxg2 {[%emt 0:00:11][%mdl 4096] Endgame. KQR-KQR} Kg7 32. Qf5 Qf7 33. Rf2 Qg6 (33... h5 $15) 34. g4 (34. Qe6 $1 $11 Qf7 35. Qg4+ Kf8 (35... Qg6 36. Qe6 $15) 36. Qb4+ Ke8 37. h4) 34... Qxf5 35. gxf5 {[%emt 0:00:09] KR-KR} Kf7 36. Kf3 Rd1 37. Rg2 a5 38. Ke4 h5 39. Rc2 {[%emt 0:00:20] [#]} (39. Kf3 $142) 39... Rg1 $1 40. Kf3 Rf1+ 41. Ke4 Rg1 (41... Rd1 $17 42. Rg2 Rh1) 42. Kf3 $1 $19 {[%emt 0:04:03] White is on the road to losing.} Rg4 43. h3 Rg5 44. Rc5 Rxf5+ 45. Ke4 $2 (45. Ke2 {only move.}) 45... Rf2 46. Rxa5 Ke6 {[%emt 0:00:20] Strongly threatening ...f5+.} 47. Ra7 (47. Kd3 $142) 47... f5+ 48. Kd3 e4+ 49. Kd4 Rd2+ (49... Rc2 $142 50. Ra5 c5+ 51. Rxc5 Rxc5 (51... Rxa2 $2 52. Rb5 $19) 52. Kxc5 f4 53. exf4 e3 54. f5+ Kxf5) 50. Kc4 Rc2+ 51. Kb4 {[%emt 0:00:11] [#]} f4 $1 52. exf4 (52. Ra8 fxe3) 52... e3 53. Ra8 Kf7 {[%emt 0:00:38] ( -> ...e2)} 54. Rh8 e2 {[%emt 0:00:12] Black mates.} 55. Rh7+ Kf6 56. Rh6+ Kf5 57. Rxh5+ Kxf4 58. Rh4+ Ke5 {[%emt 0:00:22] Weighted Error Value: White=0.71/Black=0.22 (precise) .  Mistake:       	White=6     	Black=2      Inaccurate:     	White=2     	Black=1      OK:         	White=11    	Black=14     Best:        	White=1     	Black=3      Strong:       	White=1     	Black=1} 0-1

[Event "45th FIDE Womens Olympiad 2024"]
[Site "Budapest"]
[Date "2024.09.15"]
[Round "5.6"]
[White "Nepando, Jolly"]
[Black "Almusawi, Maram"]
[Result "1-0"]
[ECO "B01"]
[WhiteElo "1646"]
[BlackElo "1510"]
[PlyCount "73"]
[EventDate "2024.09.05"]
[EventType "team-tourn"]
[EventCountry "HUN"]
[WhiteTeam "Namibia"]
[BlackTeam "Bahrain"]
[WhiteTeamCountry "NAM"]
[BlackTeamCountry "BHN"]
[TimeControl "40/5400+30:1800+30"]

1. e4 d5 2. exd5 Qxd5 3. Nc3 Qa5 4. Nf3 Nf6 5. d3 c6 6. Bd2 Qc7 7. Be2 Bf5 8. Nh4 Bg6 9. Nxg6 hxg6 10. g3 e6 11. Ne4 Nxe4 12. dxe4 Nd7 13. Bd3 Bc5 14. Qe2 Qb6 15. Bc3 Nf6 16. a3 Bd4 17. Bxd4 Qxd4 18. c3 Qb6 19. O-O-O O-O-O 20. Bc2 Rxd1+ 21. Bxd1 Nd7 22. Bc2 Ne5 23. f4 Nd7 24. Rd1 Rd8 25. f5 gxf5 26. exf5 e5 27. Qg4 Qe3+ 28. Kb1 Qh6 29. h4 f6 30. Bb3 Kc7 31. Be6 Nb6 32. Rxd8 Kxd8 33. Qb4 g6 34. Qd6+ Ke8 35. Qb8+ Ke7 36. Qxb7+ Kd8 37. Qb8+ 1-0

[Event "45th FIDE Womens Olympiad 2024"]
[Site "Budapest"]
[Date "2024.09.15"]
[Round "5.7"]
[White "Terbe, Julianna"]
[Black "Blokhin, Sofia"]
[Result "1-0"]
[ECO "A88"]
[WhiteElo "2245"]
[BlackElo "2036"]
[Annotator "TA"]
[PlyCount "65"]
[EventDate "2024.09.05"]
[EventType "team-tourn"]
[EventCountry "HUN"]
[SourceTitle "playchess.com"]
[Source "ChessBase"]
[SourceQuality "1"]
[WhiteTeam "Hungary"]
[BlackTeam "Estonia"]
[WhiteTeamCountry "HUN"]
[BlackTeamCountry "EST"]
[TimeControl "40/5400+30:1800+30"]

1. d4 f5 2. c4 Nf6 3. Nf3 g6 4. g3 Bg7 5. Bg2 O-O 6. O-O d6 7. Nc3 c6 8. b3 Na6 9. Ba3 Ne4 10. Qc2 Nxc3 {[%emt 0:09:17] White has an edge.} 11. Qxc3 c5 12. Rad1 Qb6 {[%emt 0:16:02] [#]} 13. Qd2 ({Better is} 13. Qe3 $1 $16) 13... Bd7 14. d5 Qd8 {[%emt 0:03:01] [#]} 15. e4 $1 fxe4 16. Ng5 h6 {[%emt 0:06:03] [#]} (16... Nc7 $16 {keeps fighting.}) 17. Ne6 $1 $18 (17. Nxe4 Rf7 $16) 17... Bxe6 18. dxe6 Rb8 19. Bxe4 {[%emt 0:01:37][%cal Bg2e4,Be4g6,Bg6f7][%mdl 32] White is more active.} Qc8 {[%emt 0:01:24] Black is weak on the light squares} (19... Qe8 $16 20. Qc2 Kh7) 20. Rde1 b5 $2 (20... Qe8 21. Qd3 Kh7) 21. Bxg6 {[%emt 0:04:56] Bb2 is the strong threat.} bxc4 (21... Nc7 $142 22. Bf7+ Rxf7) 22. Bf7+ Kh7 (22... Rxf7 $142 23. exf7+ Kxf7 24. Qf4+ (24. bxc4 Qf5 $18) 24... Bf6) 23. Qc2+ Kh8 24. Qxc4 Nb4 25. Bc1 Nxa2 {[%emt 0:02:18] [#]} (25... Rg8 $142 26. Qh4 Qf8) 26. Bxh6 $1 Bxh6 (26... Rxf7 27. exf7) 27. Qh4 Rxf7 28. exf7 Qf8 29. Rxe7 {[%emt 0:00:21] White mates.} Rb4 30. Qf6+ Kh7 31. Re8 Qg7 32. Qf5+ (32. f8=B $2 {is the wrong capture.} Qxf6 33. Bxh6 Kxh6 $19) 32... Qg6 {[%emt 0:00:06] [#]} 33. Rh8+ $3 {[%emt 0:00:05][%mdl 512] Black did not feel at home in the position after the opening.   Weighted Error Value: White=0.33/Black=0.71.  Mistake:       	White=1     	Black=6      Inaccurate:     	White=1     	Black=5      OK:         	White=6     	Black=3      Strong:       	White=1     	---        Brilliant:      	White=1     	---} 1-0